 Dungeon Sprint DCSS version 0.30-a0-305-g026cb31310 (webtiles) character file.

Game seed: 2729032986042914540

484 rocky1 the Unseen (level 7, -3/44 HPs)
             Began as a Kobold Brigand on Oct 23, 2022.
             Slain by a yak (15 damage)
             ... in the Dungeon (Sprint I: "Red Sonja").
             The game lasted 00:01:28 (1081 turns).

rocky1 the Unseen (Kobold Brigand)                  Turns: 1081, Time: 00:01:29

Health: -3/44      AC:  3    Str: 20    XL:     7   Next: 35%
Magic:  7/7        EV: 15    Int: 12    God:
Gold:   310        SH:  0    Dex: 19    Spells: 6/6 levels left

rFire   . . .      SeeInvis .    a - +2 dagger
rCold   . . .      Faith    .    (no shield)
rNeg    . . .      Spirit   .    b - +0 robe
rPois   .          Reflect  .    (no helmet)
rElec   .          Harm     .    c - +0 cloak
rCorr   .          Rampage  .    (no gloves)
Will    .....      NoTele   +    (no boots)
Stlth   ++++++++..               (no amulet)
HPRegen 0.27/turn                f - +6 ring of strength
MPRegen 0.10/turn                n - +6 ring of strength

@: no status effects
A: small, no large weapons, nightstalker 3
a: no special abilities


You were in the Dungeon.
You visited 1 branch You collected 310 gold pieces.

Inventory:

Hand Weapons
 a - a +2 dagger (weapon)
Missiles
 d - 9 poisoned darts
 e - a curare-tipped dart (quivered)
Armour
 b - a +0 robe (worn)
 c - a +0 cloak (worn)
Jewellery
 f - a +6 ring of strength (left hand)
 n - a +6 ring of strength (right hand)
Wands
 l - a wand of charming (8)
Scrolls
 k - a scroll of blinking
Potions
 g - a potion of heal wounds
 h - a potion of haste
 i - 2 potions of magic
 j - a potion of berserk rage
 m - a potion of brilliance {unknown}


   Skills:
 + Level 5.2 Fighting
 + Level 6.1 Short Blades
 + Level 5.5 Throwing
 + Level 2.3 Dodging
 + Level 17.8 Stealth


You had 6 spell levels left.
You didn't know any spells.
Your spell library was empty.

Dungeon Overview and Level Annotations

Branches:
Dungeon (1/1)

Altars:
Cheibriados
Fedhas
Gozag
Hepliaklqana
Makhleb
Qazlal
Sif Muna
Trog
Uskayaw
Vehumet
Wu Jian
Xom
Jiyva
Lugonu

Shops:
D *


Innate Abilities, Weirdness & Mutations

You are small and have problems with some larger weapons.
You are completely attuned to the shadows.


Message History

A yak comes into view.
Found four altars.
Found Ippumio's Assorted Antiques.
Found three altars.
The yak bellows!
The yak gores you.
There is an open door here.
You hit the yak.
The yak is lightly wounded.
The yak misses you.
You hit the yak but do no damage. You punch the yak.
The yak is lightly wounded.
The yak gores you!
You barely miss the yak.
The yak is lightly wounded.
You hit the yak but do no damage.
The yak is lightly wounded.
The yak closely misses you.
You barely miss the yak.
The yak is lightly wounded.
The yak gores you.
You hit the yak but do no damage.
The yak is lightly wounded.
You closely miss the yak.
The yak is lightly wounded.
The yak gores you!
You hit the yak but do no damage.
The yak is lightly wounded.
The yak gores you!
* * * LOW HITPOINT WARNING * * *
Throw: 2 darts (curare)
Press: ? - help, Q - select action, (/) - cycle Shift-Dir - straight line, f - yak
Aim: a yak (lightly wounded, 75% to hit)
You throw a curare-tipped dart. The curare-tipped dart hits the yak.
The yak is poisoned.
The yak convulses.
The yak seems to slow down.
The yak is moderately wounded.
You barely miss the yak.
The yak is moderately wounded.
The yak gores you!
You die...

###################
#<.#.)'..#..'..#__#
#..'..#.)').#..'..+
#..#####'#####'#__#
#..# #..#...#.####
#..# ####..##.#
#..# ___##'#_.+
∩..Y@..._#
.__##_.#'# __
##+#.# # ###


You could see a yak (very poisoned, slow).

Vanquished Creatures
  A slime creature (D)
  Sigmund (D)
  An ogre (D)
  A jelly (D)
  Ijyb (D)
5 creatures vanquished.

Notes
Turn   | Place    | Note
-------+----------+-------------------------------------------
     0 | D        | rocky1 the Kobold Brigand began the quest for the Orb.
     0 | D        | Reached XP level 1. HP: 12/12 MP: 1/1
     2 | D        | Noticed Ijyb
     6 | D        | Killed Ijyb
     7 | D        | Reached skill level 8 in Stealth
     7 | D        | Reached XP level 2. HP: 18/18 MP: 2/2
     7 | D        | Reached XP level 3. HP: 22/22 MP: 3/3
   310 | D        | Noticed an ogre
   313 | D        | Killed an ogre
   314 | D        | Reached skill level 12 in Stealth
   314 | D        | Reached XP level 4. HP: 28/28 MP: 4/4
   314 | D        | Reached XP level 5. HP: 32/32 MP: 5/5
   425 | D        | Noticed Sigmund
   434 | D        | Killed Sigmund
   435 | D        | Reached skill level 5 in Short Blades
   435 | D        | Reached skill level 15 in Stealth
   435 | D        | Reached XP level 6. HP: 20/39 MP: 6/6
   719 | D        | Found a burning altar of Makhleb.
   719 | D        | Found a viscous altar of Jiyva.
   719 | D        | Found a shimmering altar of Xom.
   719 | D        | Found a corrupted altar of Lugonu.
   719 | D        | Noticed a slime creature
   722 | D        | Killed a slime creature
   723 | D        | Reached skill level 5 in Fighting
   723 | D        | Reached skill level 5 in Throwing
   723 | D        | Reached skill level 17 in Stealth
   723 | D        | Reached XP level 7. HP: 44/44 MP: 7/7
   925 | D        | Found an ornate altar of the Wu Jian Council.
   926 | D        | Found a shimmering blue altar of Sif Muna.
   927 | D        | Found a radiant altar of Vehumet.
  1070 | D        | Found a hazy altar of Hepliaklqana.
  1070 | D        | Found a stormy altar of Qazlal.
  1070 | D        | Found a hide-covered altar of Uskayaw.
  1070 | D        | Found a blossoming altar of Fedhas.
  1070 | D        | Noticed a yak
  1071 | D        | Found Ippumio's Assorted Antiques.
  1071 | D        | Found a bloodstained altar of Trog.
  1071 | D        | Found an opulent altar of Gozag.
  1071 | D        | Found a snail-covered altar of Cheibriados.
  1081 | D        | Slain by a yak

Illustrated notes

Levels and vault maps discovered:
D:        dungeon_sprint_1 [red_sonja_temple_1, red_sonja_temple_small_1]

Skill      XL: |  1  2  3  4  5  6 |
---------------+-------------------+-----
Short Blades   | 3 4 5 6 |  6.1
Stealth        | 8 12 15 17 | 17.8
Fighting       | 3 4 5 |  5.2
Throwing       | 3 4 5 |  5.5
Dodging        | 2 |  2.3

Action                   |  1- 3 |  4- 6 |  7- 9 || total
-------------------------+-------+-------+-------++-------
Melee: Dagger            |     3 |     6 |    10 ||    19
       Punch             |       |       |     1 ||     1
Throw: Dart              |       |     2 |     1 ||     3
  Use: Potion            |       |     1 |       ||     1
 Stab: Sleeping          |     2 |     1 |     1 ||     4
Dodge: Dodged            |       |       |     2 ||     2

Table legend: (Time is in decaauts)
 A = Elapsed time spent in this place.
 B = Non-inter-level travel time spent in this place.
 C = Inter-level travel time spent in this place.
 D = Time resting spent in this place.
 E = Time spent auto-exploring this place.
 F = Levels seen in this place.
 G = Mean time per level.
                   A        B        C        D        E       F      G
               +--------+--------+--------+--------+--------+-----+--------+
         Total |   1075 |   1075 |      0 |    965 |      0 |   1 | 1075.0 |
       Dungeon |   1075 |   1075 |      0 |    965 |      0 |   1 | 1075.0 |
               +--------+--------+--------+--------+--------+-----+--------+

Top non-repeatable levels by time:
       D: 1075 daAuts
